 Dungeon Crawl Stone Soup version 0.20.0-10-g0535bb4 (webtiles) character file.

45 Hook the Sneak (level 3, 0/17 HPs)
             Began as a Vine Stalker Enchanter on June 5, 2017.
             Succumbed to an adder's poison
             ... on level 2 of the Dungeon.
             The game lasted 00:07:11 (1909 turns).

Hook the Sneak (Vine Stalker Enchanter)             Turns: 1909, Time: 00:07:12

Health: 0/17       AC:  2    Str: 10    XL:     3   Next: 64%
Magic:  0/7        EV: 12    Int: 16    God:
Gold:   127        SH:  0    Dex: 14    Spells: 1/7 levels left

rFire    . . .     SeeInvis .   a - +1 dagger
rCold    . . .     Gourm    .   (no shield)
rNeg     . . .     Faith    .   b - +0 robe
rPois    .         Spirit   +   (no helmet)
rElec    .         Reflect  .   (no cloak)
rCorr    .         Harm     .   (no gloves)
MR       .....                  (no boots)
Stlth    +++.......             (no amulet)
Regen    0.1/turn               (no ring)
MPRegen  0.1/turn               (no ring)

@: lethally poisoned (0 -> -13)
A: fangs 2, magic shield, antimagic bite, no potion heal 3, rot immunity
a: no special abilities


You were on level 2 of the Dungeon.
You were not hungry.

You visited 1 branch of the dungeon, and saw 2 of its levels.

You collected 127 gold pieces.

Inventory:

Hand Weapons
 a - a +1 dagger (weapon)
Missiles
 g - 8 javelins (quivered)
Armour
 b - a +0 robe (worn)
Scrolls
 e - 5 scrolls of identify {unknown}
 i - 2 scrolls of fog {unknown}
 j - a scroll of teleportation {unknown}
 l - a scroll of blinking {unknown}
 m - a scroll of remove curse {unknown}
Potions
 f - a potion of brilliance {unknown}
 h - a potion of might {unknown}
 n - a potion of mutation {unknown}
Books
 c - a book of Maledictions

   Spells                             Type                      Level
   a - Corona                         Hexes                        1
   b - Ensorcelled Hibernation        Hexes/Ice                    2
   c - Confuse                        Hexes                        3
   d - Tukima's Dance                 Hexes                        3
   e - Dazzling Spray                 Conjuration/Hexes            3
Comestibles
 d - 3 bread rations
 k - a meat ration
 o - a royal jelly


   Skills:
 * Level 0.6 Fighting
 + Level 1.0 Short Blades
 * Level 2.1 Dodging
 + Level 3.8 Stealth
 * Level 2.5 Spellcasting
 * Level 3.5 Hexes


You had one spell level left.
You knew the following spells:

 Your Spells              Type           Power        Failure   Level  Hunger
a - Corona                Hex            ##.....      4%          1    #......
b - Ensorcelled Hibernat  Hex/Ice        #.....       14%         2    ##.....
c - Confuse               Hex            ##......     14%         3    ###....


Dungeon Overview and Level Annotations

Branches:
Dungeon (2/15)

Altars:
Cheibriados


Innate Abilities, Weirdness & Mutations

You have extremely sharp teeth.
When hurt, damage is shared between your health and your magic reserves.
Your bite disrupts and absorbs the magic of your enemies.
Potions cannot restore your health.
You are immune to rotting.


Message History

You barely miss the adder. You bite the adder. You drain its power.
You feel invigorated.
The adder is heavily wounded.
You feel sick. The adder closely misses you.
You barely miss the adder. Your bite misses the adder.
The adder is heavily wounded.
You feel sick. The adder bites you.
* * * LOW HITPOINT WARNING * * *
You miss the adder.
The adder is heavily wounded.
* * * LOW HITPOINT WARNING * * *
You feel sick. The adder bites you.
* * * LOW HITPOINT WARNING * * *
You miss the adder.
The adder is heavily wounded.
* * * LOW HITPOINT WARNING * * *
You feel sick. The adder bites you but does no damage. The adder bites you.
You hit the adder.
The adder is severely wounded.
You die...

#.# #...# #....
#.###.### #....
#.....# #....
####### #.... #####
#..<. #....####..(
#.##....###.
########.##.....##.
#S@......###....##.
#.##...##.[.......#
#.......#.#....##.#
####....#.#.#####..
#...?#.#.#######
#....#.#.#......
#....#.#.#.....#
####.#.#.#..#.##
#.#.#..#...


You could see an adder.

Vanquished Creatures
  An adder (D:2)
  A worm (D:2)
  A dart slug (D:1)
  2 leopard geckos
  A giant cockroach (D:2)
  4 goblins (D:1)
  6 hobgoblins
  2 bats
  3 frilled lizards
  4 kobolds
  3 rats
28 creatures vanquished.

Vanquished Creatures (others)
  4 toadstools (D:1)
4 creatures vanquished.

Grand Total: 32 creatures vanquished

Notes
Turn   | Place    | Note
-------+----------+-------------------------------------------
     0 | D:1      | Hook the Vine Stalker Enchanter began the quest for the Orb.
     0 | D:1      | Reached XP level 1. HP: 9/9 MP: 4/4
   165 | D:1      | Reached skill level 1 in Short Blades
   212 | D:1      | Reached XP level 2. HP: 10/13 MP: 4/6
   802 | D:1      | Learned a level 2 spell: Ensorcelled Hibernation
  1230 | D:2      | Found a snail-covered altar of Cheibriados.
  1259 | D:2      | Reached XP level 3. HP: 12/17 MP: 3/7
  1386 | D:2      | Learned a level 3 spell: Confuse
  1909 | D:2      | Succumbed to an adder's poison

Skill      XL: |  1  2  3 |
---------------+----------+-----
Short Blades   | 1 |  1.0
Dodging        | 2 |  2.1
Fighting       | |  0.6
Stealth        | |  3.8
Spellcasting   | |  2.5
Hexes          | |  3.5

Action                   || total
-------------------------++-------
Melee: Dagger            ||    70
       Bite              ||     9
Throw: Javelin           ||     2
 Cast: Corona            ||    14
       Ensorcelled Hiber ||     8
       Confuse           ||     3
 Stab: Sleeping          ||     9
  Eat: Royal jelly       ||     1
       Chunk             ||     2
Armor: Robe              ||    13
Dodge: Dodged            ||    40
